 Dungeon Crawl Stone Soup version 0.26-a0-663-g36e8fdb655 (webtiles) character file.

Game seed: 13741902434996912111

222575 Zawski the Warrior (level 19, -24/181 HPs)
             Began as a Hill Orc Berserker on Oct 10, 2020.
             Was a High Priest of Trog.
             Killed from afar by a deep elf sorcerer (32 damage)
             ... with a bolt of acid
             ... on level 3 of the Elven Halls on Oct 11, 2020.
             The game lasted 01:51:28 (47904 turns).

Zawski the Warrior (Hill Orc Berserker)            Turns: 47904, Time: 01:51:29

Health: -24/181    AC: 33    Str: 28    XL:     19   Next: 24%
Magic:  19/19      EV:  8    Int:  9    God:    Trog [*****.]
Gold:   2121       SH: 18    Dex: 13    Spells: 18/18 levels left

rFire    . . .     SeeInvis +   V - +8 spear "Vyerghalo" {vorpal, rElec MR+ Dex+3}
rCold    + . .     Faith    +   M - +0 tower shield
rNeg     . . .     Spirit   .   l - +6 plate armour {rPois}
rPois    +         Reflect  .   X - +1 helmet
rElec    +         Harm     .   s - +2 cloak {rC+}
rCorr    .         Rampage  .   h - +0 pair of gloves
MR       +++..                  o - +0 pair of boots
Stlth    ..........             p - amulet of faith
HPRegen  0.40/turn              L - ring of protection from magic
MPRegen  0.16/turn              B - ring of see invisible

@: about to teleport, berserk cooldown, slowed, very heavily drained, very slow
A: repulsion field 1, molten scales 1, clever 1
}: 1/15 runes: decaying
a: Berserk, Trog's Hand, Brothers in Arms, Renounce Religion


You were on level 3 of the Elven Halls.
You worshipped Trog.
Trog was extremely pleased with you.
You visited 5 branches of the dungeon, and saw 29 of its levels.
You visited the Abyss 1 time.
You also visited: Ice Cave and Volcano.

You collected 3409 gold pieces.
You spent 1288 gold pieces at shops.

Inventory:

Hand Weapons
 t - the +11 trident "Roddusto" {venom, rN+ Str+5 Stlth+}
   (You found it on level 9 of the Dungeon)

   It poisons the flesh of those it strikes.
   It affects your strength (+5).
   It protects you from negative energy.
   It makes you more stealthy.
 D - a +9 battleaxe of venom
 E - the +7 trident "Debef" {vorpal, *Rage Str+4 Dex+4}
   (Trog gifted it to you in an ice cave)

   It inflicts extra damage upon your enemies.
   It affects your strength (+4).
   It affects your dexterity (+4).
   It may make you go berserk in combat.
 P - a +9 vorpal bardiche
 V - the +8 spear "Vyerghalo" (weapon) {vorpal, rElec MR+ Dex+3}
   (Trog gifted it to you on level 2 of the Elven Halls)

   It inflicts extra damage upon your enemies.
   It affects your dexterity (+3).
   It insulates you from electricity.
   It affects your resistance to hostile enchantments.
Armour
 h - a +0 pair of gloves (worn)
 l - a +6 plate armour of poison resistance (worn)
 o - a +0 pair of boots (worn)
 s - a +2 cloak of cold resistance (worn)
 M - a +0 tower shield (worn)
 R - the +6 ring mail of Nihilism {rPois MR+}
   (You found it on level 6 of the Lair of Beasts)

   It protects you from poison.
   It affects your resistance to hostile enchantments.
 X - a +1 helmet (worn)
Jewellery
 k - a +6 ring of intelligence
 n - an uncursed ring of protection from magic
 p - an amulet of faith (around neck)
 B - a ring of see invisible (right hand)
 C - a +6 ring of strength
 F - an uncursed ring of ice
 L - a ring of protection from magic (left hand)
 T - an uncursed ring of flight
 W - an uncursed ring of poison resistance
Wands
 q - a wand of digging (10)
 r - a wand of flame (41)
 A - a wand of acid (25)
 J - a wand of disintegration (27)
 Q - a wand of polymorph (14)
 U - a wand of enslavement (10)
Scrolls
 b - 4 scrolls of amnesia
 d - 2 scrolls of enchant weapon
 f - 14 scrolls of remove curse
 j - 2 scrolls of noise
 m - 6 scrolls of teleportation
 w - a scroll of magic mapping
 z - 3 scrolls of fear
 G - 6 scrolls of identify
 I - 3 scrolls of fog
 Y - 2 scrolls of torment
Potions
 a - a potion of mutation
 c - 6 potions of curing
 e - 2 potions of invisibility
 g - 4 potions of might
 i - 2 potions of magic
 u - 5 potions of resistance
 v - 3 potions of flight
 x - a potion of stabbing
 H - 2 potions of lignification
 K - 4 potions of heal wounds
 N - 4 potions of haste
 O - 2 potions of ambrosia
 S - a potion of berserk rage
 Z - a potion of cancellation
Miscellaneous
 y - a condenser vane (2/2)


   Skills:
 + Level 18.8(14.5) Fighting
 + Level 13.5(15.0) Axes
   Level 9.1(7.8) Maces & Flails
 + Level 18.0(14.6) Polearms
 + Level 17.6(13.3) Armour
 + Level 5.0(1.9) Dodging
 + Level 12.6(8.8) Shields
 + Level 2.2(0.0) Evocations


You had 18 spell levels left.
You didn't know any spells.
Your spell library was empty.

Dungeon Overview and Level Annotations

Branches:
Dungeon (14/15)            Temple (0/1) D:4            Lair (6/6) D:10
  Swamp (4/4) Lair:3        Snake (0/4) Lair:4        Slime (0/5) Lair:6
    Orc (2/2) D:10            Elf (3/3) Orc:2        Vaults (0/5) D:13
  IceCv (visited)         Volcano (visited)

Altars:
Elyvilon
Kikubaaqudgha
Nemelex Xobeh
Qazlal
Ru
Beogh
Jiyva

Shops:
D:6 (   D:9 *   D:10 (   D:11 ??((}   D:12 (==:[   Orc:1 *   Orc:2 :(!(
Elf:2 !==}   Elf:3 *

Annotations:
D:3 2 transporters
Lair:4 exclusion: oklob plant


Innate Abilities, Weirdness & Mutations

You are surrounded by a mild repulsion field. (EV +2)
You are partially covered in molten scales. (AC +2)
Your mind is acute. (Int +2)


Message History

Your deep troll dies!
Your deep troll's corpse disappears in a puff of smoke!
You are no longer corroded.
The deep elf annihilator casts a spell.
The deep elf annihilator blinks!
You block the ghostly deep elf death mage's attack.
The deep elf demonologist casts a spell.
Things that are here:
a +2 vorpal long sword; a +0 leather armour The deep elf demonologist casts a spell.
As you read the scroll of teleportation, it crumbles to dust.
You feel strangely unstable.
The ghostly deep elf death mage points at you and mumbles some strange words.
The bolt of negative energy hits you!!
You feel drained.
* * * LOW HITPOINT WARNING * * *
The deep elf sorcerer becomes larger for a moment.
The deep elf demonologist gestures wildly while chanting.
The deep elf sorcerer casts a spell at you.
The bolt of acid hits you!!
You die...

..#*,,,* *,,,≈≈4≈≈,,,*****,*
..#*,,,* *****#e#******,,,,*
..#***+*******#e#*********,*
..#*,,,,,,,,,*#1#*,,,,,,,,,*
..#*,,,,,,,,,*#.#*,,,,,,,,,*
..#*,,,,,,,,,*#.#*,,,,,,,,,*
..#*,,,,,,,,,*#4#*,,,,,,,,,*
..#**********##e##**********
..# ##.e@#*
..###########..#..#
..............###.#
..##########################
...........................#
...........................#
..#######################..#
..'.....................#..#
..#.....................#..#


You could see a Brimstone Fiend (summoned), a deep elf annihilator, a ghostly
deep elf death mage, a deep elf sorcerer (fast), a deep elf demonologist and a
red devil (summoned).

Vanquished Creatures
  Rupert (Lair:4)
  A deep elf blademaster (Elf:2)
  Gastronok (Lair:2)
  6 thorn hunters
  A deep elf sorcerer (Elf:1)
  Louise (Elf:2)
  A deep elf elementalist (Elf:2)
  A deep elf demonologist (Elf:2)
  A deep elf annihilator (Elf:1)
  A white draconian (IceCv)
  The ghost of Belaica the Arsonist, a journeyman HOFE of Gozag (Lair:4)
  Snorg (Lair:4)
  Josephine (D:11)
  A starcursed mass (Abyss:2)
  A death ooze (Lair:4)
  An ice dragon (Lair:6)
  34 hydras
  2 boulder beetles
  A rakshasa (D:13)
  8 two-headed ogres
  2 ghost crabs
  Erica (D:11)
  2 catoblepae
  33 dancing weapons
  A tengu warrior (D:13)
  12 alligators
  An orc high priest (Orc:2)
  Nergalle (D:10)
  Sonja (Lair:3)
  10 deep elf knights
  A wretched star (Abyss:2)
  A spriggan druid (Swamp:4)
  3 unseen horrors
  14 deep elf archers
  11 swamp dragons
  A lindwurm (Lair:6)
  An orc knight (Orc:2)
  5 wizards (Volcano)
  50 deep elf magi
  2 wolf spiders
  3 orc sorcerers
  An oklob plant (Lair:6)
  6 ugly things
  A guardian serpent (Lair:6)
  2 centaur zombies
  5 toenail golems (Volcano)
  6 elephants (Lair:4)
  2 ice statues (IceCv)
  11 black mambas
  4 centaur skeletons
  A gargoyle (D:12)
  23 cane toads
  5 torpor snails (Lair:6)
  An orange demon (Abyss:2)
  5 rime drakes
  A kobold demonologist (D:13)
  11 komodo dragons
  2 ancient zymes (Abyss:2)
  2 tengu conjurers (D:13)
  16 polar bears
  12 blink frogs
  15 tyrant leeches
  A meliai (shapeshifter) (Elf:2)
  16 hornets
  3 trolls
  8 bog bodies
  5 slime creatures
  2 dream sheep (D:13)
  5 large abominations (Abyss:2)
  3 raiju (Abyss:2)
  5 air elementals
  Sigmund (D:3)
  3 redbacks (Lair:6)
  8 spriggans
  5 water elementals
  48 yaks
  7 fire elementals
  A shadow (D:10)
  The ghost of lilly the Skirmisher, an amateur MiMo (D:5)
  14 wyverns
  4 fire bats
  3 wraiths (D:11)
  A human (D:7)
  4 hogs (D:7)
  A chaos spawn (Abyss:2)
  A steam dragon (D:11)
  A neqoxec (Abyss:2)
  Edmund (D:5)
  12 vampire mosquitoes
  20 insubstantial wisps
  2 wargs
  13 swamp worms
  23 water moccasins
  An acid dragon (D:13)
  A soldier ant (D:13)
  6 small abominations (Abyss:2)
  A hell hound (Abyss:2)
  Duvessa (D:5)
  15 swamp drakes
  11 ice beasts
  20 orc warriors
  3 sky beasts
  A black bear (D:12)
  4 phantoms
  An eye of draining (D:5)
  8 ogres
  A centaur (D:8)
  28 wolves
  4 big kobolds
  12 bullfrogs
  2 wyvern zombies
  2 earth elementals
  Dowan (D:5)
  A water moccasin zombie (D:6)
  12 killer bees
  5 scorpions
  9 wights
  3 howler monkeys
  An electric eel (D:10)
  A quasit (D:10)
  2 bullfrog zombies
  16 hounds
  7 jellies
  A bullfrog skeleton (D:8)
  16 orc priests
  Jessica (D:3)
  Terence (D:2)
  5 iguanas
  33 orc wizards
  4 hell rats (Lair:4)
  8 worker ants
  A hound skeleton (D:5)
  Robin (D:2)
  A howler monkey zombie (D:7)
  A worker ant zombie (D:10)
  8 gnolls
  17 adders
  3 shadow imps
  5 white imps
  An ufetubus (D:6)
  4 adder skeletons
  A worm (D:5)
  2 dart slugs
  3 leopard geckos
  67 orcs
  8 bats
  3 giant cockroaches
  11 goblins
  11 hobgoblins
  16 jackals
  5 quokkas
  4 ball pythons
  6 frilled lizards
  A jackal skeleton (D:4)
  9 kobolds
  2 leopard gecko skeletons
  3 quokka zombies
  4 rats
  A briar patch (Swamp:4)
  A starspawn tentacle (Abyss:2)
1025 creatures vanquished.

Vanquished Creatures (collateral kills)
  A tentacled starspawn (Abyss:2)
  A thorn hunter (Lair:3)
  A deep elf demonologist (Elf:3)
  A deep elf annihilator (Elf:1)
  Fannar (Lair:1)
  5 hydras
  A shambling mangrove (Swamp:3)
  2 alligators (Swamp:3)
  4 dancing weapons (Elf:2)
  A thrashing horror (Abyss:2)
  4 deep elf knights (Elf:2)
  2 spriggans (Swamp:1)
  2 slime creatures (Lair:4)
  A fire crab (shapeshifter) (Abyss:2)
  A swamp dragon (Swamp:1)
  An unseen horror (D:10)
  An orc knight (Orc:2)
  11 deep elf magi
  An oklob plant (Lair:6)
  A manticore (D:10)
  2 orc sorcerers (Orc:2)
  An elephant (Lair:4)
  2 black mambas
  A torpor snail (Lair:6)
  8 hornets
  A troll (D:10)
  2 tyrant leeches
  A bog body (Swamp:3)
  3 yaks (IceCv)
  3 vampire mosquitoes (Swamp:1)
  4 insubstantial wisps (Swamp:3)
  A warg (Orc:2)
  4 water moccasins
  2 hell hounds (Abyss:2)
  4 orc warriors (Orc:2)
  A starcursed mass (Abyss:2)
  4 wolves
  An ogre (D:10)
  2 jellies (Lair:4)
  7 orc wizards (Orc:2)
  4 orc priests (Orc:2)
  2 hounds (D:10)
  A hell rat (Lair:4)
  A hound skeleton (D:10)
  A worker ant zombie (D:10)
  2 adders (Lair:4)
  3 orcs (Orc:2)
  A ball python (Lair:4)
112 creatures vanquished.

Vanquished Creatures (others)
  2 deep elf magi
  A slime creature (Swamp:2)
  A black mamba (Lair:6)
  A polar bear (IceCv)
  A spriggan (Swamp:4)
  A worker ant (D:10)
  3 orcs (D:8)
  2 jackals (D:8)
  A kobold (D:9)
  4 briar patches (Swamp:4)
  24 fungi
  106 plants
  2 starspawn tentacles (Abyss:2)
149 creatures vanquished.

Grand Total: 1286 creatures vanquished

Notes
Turn   | Place    | Note
-------+----------+-------------------------------------------
     0 | D:1      | Zawski the Hill Orc Berserker began the quest for the Orb.
     0 | D:1      | Reached XP level 1. HP: 19/19 MP: 1/1
   192 | D:1      | Reached XP level 2. HP: 19/27 MP: 2/2
   711 | D:1      | You fall into a shaft and drop 1 floor!
   811 | D:1      | Reached XP level 3. HP: 29/33 MP: 3/3
  1370 | D:1      | You fall into a shaft and drop 1 floor!
  1420 | D:2      | Reached ** piety under Trog
  1453 | D:2      | Found a sparkling altar of Nemelex Xobeh.
  1506 | D:2      | Noticed Terence
  1517 | D:2      | Killed Terence
  1517 | D:2      | Reached skill level 5 in Axes
  1517 | D:2      | Reached XP level 4. HP: 40/40 MP: 4/4
  1931 | D:2      | Noticed Robin
  1938 | D:2      | Killed Robin
  1938 | D:2      | Reached XP level 5. HP: 40/47 MP: 5/5
  2534 | D:3      | Noticed Jessica
  2563 | D:3      | Killed Jessica
  2563 | D:3      | Reached XP level 6. HP: 35/55 MP: 6/6
  2793 | D:3      | Found a transporter.
  2830 | D:3      | Found a transporter.
  2868 | D:3      | Found an ancient bone altar of Kikubaaqudgha.
  3210 | D:3      | Noticed Sigmund
  3229 | D:3      | Killed Sigmund
  3229 | D:3      | Reached skill level 5 in Fighting
  4039 | D:4      | Reached *** piety under Trog
  4166 | D:4      | Reached XP level 7. HP: 56/61 MP: 7/7
  4996 | D:4      | Found a staircase to the Ecumenical Temple.
  5241 | D:5      | Entered Level 5 of the Dungeon
  5257 | D:5      | Reached skill level 5 in Armour
  5389 | D:5      | Reached XP level 8. HP: 69/69 MP: 8/8
  5698 | D:5      | Noticed Edmund
  5716 | D:5      | Killed Edmund
  5719 | D:5      | Noticed Duvessa
  5721 | D:5      | Noticed Dowan
  5737 | D:5      | Killed Duvessa
  5737 | D:5      | Reached skill level 10 in Axes
  5742 | D:5      | Killed Dowan
  6208 | D:5      | Found a runed translucent gate.
  6209 | D:5      | Found a runed translucent gate.
  6210 | D:5      | Found a runed translucent gate.
  6212 | D:5      | Noticed lilly's ghost (amateur MiMo)
  6623 | D:5      | Killed lilly's ghost
  6623 | D:5      | Reached skill level 1 in Maces & Flails
  6623 | D:5      | Reached XP level 9. HP: 78/78 MP: 9/9
  6624 | D:5      | Reached **** piety under Trog
  7234 | D:6      | Found Kestycijuf's Antique Weapon Emporium.
  7350 | D:6      | Found a stormy altar of Qazlal.
  8607 | D:7      | Reached skill level 5 in Maces & Flails
  8845 | D:7      | Gained mutation: Your magical capacity is low. (-10% MP)
                  | [potion of mutation]
  8845 | D:7      | Gained mutation: You possess an exceptional clarity of
                  | mind. [potion of mutation]
  8867 | D:8      | Reached XP level 10. HP: 70/88 MP: 9/9
  8883 | D:8      | Paralysed by a hornet for 2 turns
  9292 | D:8      | Reached ***** piety under Trog
  9678 | D:8      | Noticed a two-headed ogre
  9700 | D:8      | Killed a two-headed ogre
 10835 | D:9      | Got a polished trident
 10836 | D:9      | Identified the +11 trident "Roddusto" {venom, rN+ Str+5
                  | Stlth+} (You found it on level 9 of the Dungeon)
 11246 | D:9      | Found Bic Saan's Assorted Antiques.
 11382 | D:9      | Noticed a two-headed ogre
 11400 | D:9      | Killed a two-headed ogre
 11404 | D:9      | Reached XP level 11. HP: 59/97 MP: 9/9
 11860 | D:10     | Entered Level 10 of the Dungeon
 11864 | D:10     | Noticed a two-headed ogre
 11867 | D:10     | Noticed a two-headed ogre
 11882 | D:9      | Killed a two-headed ogre
 11882 | D:9      | Reached skill level 10 in Armour
 11884 | D:9      | Killed a two-headed ogre
 12054 | D:10     | Found a staircase to the Orcish Mines.
 12174 | D:10     | Noticed Nergalle
 12185 | D:10     | Killed Nergalle
 12213 | D:10     | Reached skill level 5 in Polearms
 12220 | D:10     | Noticed a manticore
 12233 | D:10     | Killed a manticore
 12246 | D:10     | Killed an unseen horror
 12497 | D:10     | Received a gift from Trog
 12594 | D:10     | Found a staircase to the Lair.
 12847 | D:10     | Found Kiwnaove's Weapon Emporium.
 13109 | Orc:1    | Entered Level 1 of the Orcish Mines
 13109 | Orc:1    | Found Peinwure's Mass Market.
 13294 | Orc:1    | Noticed an orc sorcerer
 13299 | Orc:1    | Killed an orc sorcerer
 13299 | Orc:1    | Reached skill level 10 in Fighting
 13593 | Orc:1    | Found a roughly hewn altar of Beogh.
 13683 | Orc:2    | Entered Level 2 of the Orcish Mines
 13685 | Orc:2    | Found a roughly hewn altar of Beogh.
 13701 | Orc:2    | Found a staircase to the Elven Halls.
 13716 | Orc:2    | Noticed an orc knight
 13727 | Orc:2    | Killed an orc knight
 13893 | Orc:2    | Reached XP level 12. HP: 106/106 MP: 10/10
 14353 | Orc:2    | Noticed an orc high priest
 14363 | Orc:2    | Killed an orc high priest
 14371 | Orc:2    | Paralysed by an orc sorcerer for 7 turns
 14374 | Orc:2    | Reached ****** piety under Trog
 14384 | Orc:2    | Received a gift from Trog
 14828 | Orc:2    | Found Zafec's Book Boutique.
 14828 | Orc:2    | Found Nomyinia's Weapon Shop.
 14828 | Orc:2    | Found Hig Feot's Distillery.
 14831 | Orc:2    | Found Warr's Weapon Boutique.
 14844 | Orc:2    | Bought a potion of mutation for 88 gold pieces
 14844 | Orc:2    | Bought a potion of heal wounds for 55 gold pieces
 15809 | Orc:1    | Bought a +2 plate armour of poison resistance for 555 gold
                  | pieces
 15879 | Lair:1   | Entered Level 1 of the Lair of Beasts
 16042 | Lair:1   | Found a frozen archway.
 16096 | IceCv    | Entered an ice cave
 17076 | IceCv    | Reached XP level 13. HP: 91/116 MP: 11/11
 17268 | IceCv    | Noticed a white draconian
 17306 | IceCv    | Killed a white draconian
 17306 | IceCv    | Reached skill level 10 in Polearms
 17506 | IceCv    | Received a gift from Trog
 17796 | IceCv    | Lost mutation: Your magical capacity is low. (-10% MP)
                  | [potion of mutation]
 17796 | IceCv    | Lost mutation: You possess an exceptional clarity of mind.
                  | [potion of mutation]
 17796 | IceCv    | Gained mutation: You tend to lose your temper in combat.
                  | [potion of mutation]
 17796 | IceCv    | Gained mutation: You have an increased reservoir of magic.
                  | (+10% MP) [potion of mutation]
 17796 | IceCv    | Gained mutation: You are surrounded by a mild repulsion
                  | field. (EV +2) [potion of mutation]
 17797 | IceCv    | Lost mutation: You tend to lose your temper in combat.
                  | [potion of mutation]
 17797 | IceCv    | Gained mutation: You passively map a small area around you.
                  | [potion of mutation]
 17797 | IceCv    | Gained mutation: Your natural rate of healing is unusually
                  | fast. [potion of mutation]
 17798 | IceCv    | Lost mutation: Your natural rate of healing is unusually
                  | fast. [potion of mutation]
 17798 | IceCv    | Lost mutation: You have an increased reservoir of magic.
                  | (+10% MP) [potion of mutation]
 17798 | IceCv    | Gained mutation: You expend magic power (3 MP) to
                  | strengthen your wands. [potion of mutation]
 17798 | IceCv    | Gained mutation: You tend to lose your temper in combat.
                  | [potion of mutation]
 17798 | IceCv    | Gained mutation: You have large cloven feet. [potion of
                  | mutation]
 17799 | IceCv    | Lost mutation: You tend to lose your temper in combat.
                  | [potion of mutation]
 17799 | IceCv    | Lost mutation: You passively map a small area around you.
                  | [potion of mutation]
 17799 | IceCv    | Lost mutation: You expend magic power (3 MP) to strengthen
                  | your wands. [potion of mutation]
 17799 | IceCv    | Lost mutation: You have large cloven feet. [potion of
                  | mutation]
 17799 | IceCv    | Gained mutation: Your mind is acute. (Int +2) [potion of
                  | mutation]
 17799 | IceCv    | Gained mutation: You are partially covered in molten
                  | scales. (AC +2) [potion of mutation]
 17853 | IceCv    | Got a slimy trident {god gift}
 17854 | IceCv    | Identified the +7 trident "Debef" {vorpal, *Rage Str+4
                  | Dex+4} (Trog gifted it to you in an ice cave)
 18075 | Lair:1   | Noticed Fannar
 18092 | Lair:1   | Killed Fannar
 18750 | Lair:2   | Noticed Gastronok
 18776 | Lair:2   | Killed Gastronok
 19852 | Lair:3   | Noticed Sonja
 19865 | Lair:3   | Killed Sonja
 20128 | Lair:3   | Reached XP level 14. HP: 86/127 MP: 14/14
 20279 | Lair:3   | Found a staircase to the Swamp.
 20435 | Lair:4   | Received a gift from Trog
 20658 | Lair:4   | Found a staircase to the Snake Pit.
 20735 | Lair:4   | Noticed Snorg
 20738 | Lair:4   | Found a runed translucent gate.
 20738 | Lair:4   | Found a runed translucent gate.
 20738 | Lair:4   | Found a runed translucent gate.
 20746 | Lair:4   | Killed Snorg
 20830 | Lair:4   | Noticed Belaica's ghost (journeyman HOFE)
 21108 | Lair:4   | You fall into a shaft and drop 1 floor!
 21404 | Lair:4   | Noticed Rupert
 21425 | Lair:4   | Killed Rupert
 22004 | Lair:4   | Found a viscous altar of Jiyva.
 22023 | Lair:4   | Killed Belaica's ghost
 23126 | Lair:6   | Entered Level 6 of the Lair of Beasts
 23787 | Lair:6   | Reached XP level 15. HP: 123/137 MP: 15/15
 23848 | Lair:6   | Found a dark tunnel.
 23856 | Lair:6   | Got an obsidian-encrusted ring mail
 23860 | Volcano  | Entered a volcano
 23861 | Volcano  | Identified the +6 ring mail of Nihilism {rPois MR+} (You
                  | found it on level 6 of the Lair of Beasts)
 24427 | Lair:6   | Paralysed by a hornet for 2 turns
 24939 | Lair:6   | Found a runed translucent door.
 25539 | Lair:6   | Paralysed by a hornet for 2 turns
 25936 | Lair:6   | Got an ancient ruby amulet
 26270 | Lair:6   | Reached skill level 15 in Polearms
 26707 | Lair:6   | Identified the amulet "Ygisk" {+Inv Regen+ Str-4 Int+2
                  | Stlth+} (You found it on level 6 of the Lair of Beasts)
 26770 | Lair:6   | Found a staircase to the Slime Pits.
 28177 | Swamp:1  | Entered Level 1 of the Swamp
 28177 | Swamp:1  | Noticed a thorn hunter
 28188 | Lair:3   | Killed a thorn hunter
 28399 | Swamp:1  | Reached skill level 15 in Armour
 28441 | Swamp:1  | Reached skill level 1 in Evocations
 28443 | Swamp:1  | Reached skill level 1 in Shields
 28451 | Swamp:1  | Received a gift from Trog
 28830 | Swamp:1  | Reached skill level 15 in Fighting
 30103 | Swamp:2  | Reached XP level 16. HP: 149/149 MP: 16/16
 31440 | Swamp:3  | Reached skill level 5 in Shields
 31466 | Swamp:3  | Received a gift from Trog
 32394 | Swamp:4  | Entered Level 4 of the Swamp
 33063 | Swamp:4  | Noticed a thorn hunter
 33215 | Swamp:3  | Killed a thorn hunter
 33612 | Swamp:4  | Noticed a thorn hunter
 34157 | Swamp:4  | Noticed a thorn hunter
 34171 | Swamp:4  | Killed a thorn hunter
 34273 | Swamp:4  | Reached XP level 17. HP: 132/159 MP: 17/17
 35627 | Swamp:4  | Got a decaying rune of Zot
 36121 | D:11     | Found Zamie's Antique Weapon Boutique.
 36121 | D:11     | Found Jazol's Gadget Boutique.
 36157 | D:11     | Found a white marble altar of Elyvilon.
 36172 | D:11     | Found Noesk's Magic Scroll Shoppe.
 36188 | D:11     | Found Foip's Antique Weapon Emporium.
 36191 | D:11     | Found Jyseaghi's Magic Scroll Boutique.
 36216 | D:11     | Noticed Josephine
 36223 | D:11     | Killed Josephine
 36381 | D:11     | Noticed Erica
 36386 | D:11     | Killed Erica
 36526 | D:11     | Received a gift from Trog
 37241 | D:12     | Found Eckeanol's Jewellery Emporium.
 37285 | D:12     | Found Itoroint's Antique Armour Shop.
 37551 | D:12     | Found Luoxone's Jewellery Shoppe.
 37604 | D:12     | Found a sacrificial altar of Ru.
 37813 | D:12     | Found Milolaox's Weapon Shoppe.
 37865 | D:12     | Found Daeczyir's Book Boutique.
 37980 | D:13     | Found a gate to the Vaults.
 39359 | Elf:1    | Entered Level 1 of the Elven Halls
 39612 | Elf:1    | Reached skill level 10 in Shields
 40169 | D:12     | Bought an uncursed ring of protection from magic for 450
                  | gold pieces
 40398 | Elf:1    | Received a gift from Trog
 40398 | Elf:1    | Reached XP level 18. HP: 170/170 MP: 18/18
 41124 | Elf:1    | Cast into level 2 of the Abyss (+0 halberd of distortion)
 41393 | Abyss:2  | Received a gift from Trog
 41559 | Abyss:2  | HP: 4/119 [smoke demon/divine providence (9)]
 41561 | Elf:1    | Escaped the Abyss
 43076 | Elf:2    | Found Ecadun's Jewellery Shop.
 43085 | Elf:2    | Found Zirov's Gadget Emporium.
 43086 | Elf:2    | Found Joquuh's Jewellery Shop.
 43133 | Elf:2    | Reached skill level 5 in Dodging
 43260 | Elf:2    | Found Maekuz's Distillery.
 43405 | Elf:2    | Bought a potion of heal wounds for 70 gold pieces
 43405 | Elf:2    | Bought a potion of heal wounds for 70 gold pieces
 43478 | Elf:2    | Noticed Louise
 43495 | Elf:2    | Killed Louise
 43717 | Elf:2    | Found a runed translucent gate.
 43717 | Elf:2    | Found a runed translucent gate.
 43727 | Elf:2    | Found a runed translucent gate.
 44106 | Elf:2    | Noticed a deep elf blademaster
 44121 | Elf:2    | Killed a deep elf blademaster
 44139 | Elf:2    | Received a gift from Trog
 44147 | Elf:2    | Got a dazzling spear {god gift}
 44148 | Elf:2    | Identified the +8 spear "Vyerghalo" {vorpal, rElec MR+
                  | Dex+3} (Trog gifted it to you on level 2 of the Elven
                  | Halls)
 45840 | Elf:3    | Entered Level 3 of the Elven Halls
 45840 | Elf:3    | Found Gydweilupn's General Store.
 45871 | Elf:2    | Reached XP level 19. HP: 105/181 MP: 19/19
 46861 | Elf:3    | Received a gift from Trog
 47860 | Elf:3    | Noticed a Hell Sentinel
 47897 | Elf:3    | Identified the ring of Autumn {+Fly rElec rF+}
 47903 | Elf:3    | HP: 7/181 [ghostly deep elf death mage/bolt of negative
                  | energy (35)]
 47904 | Elf:3    | Killed from afar by a deep elf sorcerer

Illustrated notes

Levels and vault maps discovered:
D:1:      giann_wishing_wells, layout_basic, st_stairs_14,
          minmay_misc_feat_hallway
D:2:      layout_loops_corners, serial_glass, glass_columns_c, glass_columns_c,
          nemelex_diamond_rough_becter, uniq_robin, uniq_terence
D:3:      gammafunk_steamed_eel, layout_basic, kiku_gazebo_pond_becter,
          minivault_26, uniq_sigmund, uniq_jessica
D:4:      layout_basic, minmay_temple_entry_nine_rooms
D:5:      layout_basic, gammafunk_ghost_split, minmay_statues_item,
          kennysheep_flooded_box, uniq_duvessa, uniq_edmund
D:6:      layout_basic, basic_altar, serial_shops, shop
D:7:      layout_loops_ring, grunt_livestock, minmay_misc_feat_ornament,
          minmay_strange_pillars
D:8:      kennysheep_big_flooded_room, layout_cave_pools
D:9:      layout_cave_pools, enter_bailey_6, serial_shops, shop
D:10:     minmay_bloctagon, layout_cave_pools, dpeg_oklobed_lair, orc_0_dummy,
          serial_bayou, serial_bayou_ford_a, serial_bayou_shore_a,
          serial_bayou_pond_a, serial_bayou_lagoon_a, serial_shops,
          kennysheep_mini_moat, uniq_nergalle
D:11:     layout_loops_corners, serial_shops, shop_scrolls, shop_statue, shop,
          nicolae_shop_trees, shop_statue, elyvilon_altar_5, uniq_erica,
          uniq_josephine
D:12:     layout_cave_pools, serial_shops, nicolae_shop_overgrown_old_shop,
          nicolae_shop_behind_doors, nicolae_shop_crystal,
          nicolae_shop_waterfront, kennysheep_little_box,
          nicolae_ru_the_path_less_chosen
D:13:     layout_loops_ring, erik_vaults_1, hangedman_ranch
          [blue_anna_fruit_fields]
D:14:     hangedman_screamer, layout_irregular_city,
          chequers_serial_rivers_small_a, item_on_display_a
Lair:1:   layout_roguey, portal_ice_cave_entry_ice_beasts, grunt_megastairs_3,
          uniq_fannar
Lair:2:   layout_loops_ring, lemuel_fruit_tree, uniq_gastronok
Lair:3:   layout_long_grid, palyth_hydra_swamp_entry, grunt_megastairs_4,
          uniq_sonja
Lair:4:   layout_long_grid, minmay_snake_entry_six_corridors,
          gammafunk_ghost_ooze, minivault_11, minmay_lair_oklob_chamber,
          uniq_rupert, uniq_snorg
Lair:5:   layout_gridlike
Lair:6:   wormcave, layout_cave_shapes, hangedman_lair_tendril_chambers,
          minmay_slime_entry_oklob_open, nicolae_volcano_entry_batcave,
          st_stairs_11
Swamp:1:  layout_falls_marsh, evilmike_swamp_ruin_house_4, swamp_pool1,
          st_swamp_ruins_3
Swamp:2:  layout_falls_marsh, evilmike_swamp_ruin_house_2,
          nicolae_swamp_baby_hydras
Swamp:3:  layout_basic_swamp, evilmike_swamp_ruin_house_6
Swamp:4:  swamp_basic_johnstein, layout_basic_swamp, infiniplex_staircase_pool
Orc:1:    layout_caves, basic_altar, serial_shops, shop, minmay_shop_mass
Orc:2:    st_orc_mages, layout_diamond_mine, basic_altar
Elf:1:    layout_gridlike, hangedman_elven_crosses_minicolossus,
          nicolae_twisting_strands, minivault_19, hangedman_elf_represent
Elf:2:    layout_onion_city, serial_shops, shop, minmay_shop_grove, uniq_louise
Elf:3:    elf_hall_gauntlet_narrow, layout_onion_city, serial_shops,
          nicolae_shop_waterfront, lemuel_flamethrower_1

Skill      XL: |  1  2  3  4  5  6  7  8  9 10 11 12 13 14 15 16 17 18 19 |
---------------+----------------------------------------------------------+-----
Fighting       | 4 5 6 8 9 10 11 12 13 15 16 17 18 | 18.8
Dodging        | 2 3 4 5 |  5.0
Axes           | 5 6 7 8 10 11 13 | 13.5
Armour         | 3 4 5 6 8 9 11 12 13 14 15 16 17 | 17.6
Maces & Flails | 1 6 8 9 |  9.1
Polearms       | 2 7 9 12 14 15 16 17 18 | 18.0
Evocations     | 2 |  2.2
Shields        | 3 7 10 12 | 12.6

Action                   |  1- 3 |  4- 6 |  7- 9 | 10-12 | 13-15 | 16-18 | 19-21 || total
-------------------------+-------+-------+-------+-------+-------+-------+-------++-------
Melee: Hand axe          |   122 |   125 |   182 |       |       |       |       ||   429
       Flail             |       |       |   189 |   145 |       |       |       ||   334
       Trident           |       |       |       |   384 |  1060 |  1467 |       ||  2911
       Battleaxe         |       |       |       |   120 |    16 |    15 |       ||   151
       Bardiche          |       |       |       |       |       |   107 |       ||   107
       Spear             |       |       |       |       |       |   147 |   279 ||   426
Invok: Berserk           |     1 |     5 |     5 |    13 |     5 |     4 |     1 ||    34
       Trog's Hand       |       |       |     2 |       |     3 |     4 |       ||     9
       Brothers in Arms  |       |       |       |     7 |    13 |    16 |     1 ||    37
Evoke: Wand              |       |       |       |       |    16 |       |       ||    16
  Use: Scroll            |     1 |     5 |     3 |     7 |    16 |    19 |     6 ||    57
       Potion            |     1 |     5 |     3 |     6 |    13 |     4 |       ||    32
 Stab: Sleeping          |       |       |       |     1 |       |       |       ||     1
       Confused          |       |       |       |       |     2 |       |       ||     2
       Distracted        |       |       |       |       |     1 |     2 |       ||     3
Armor: Animal skin       |    11 |       |       |       |       |       |       ||    11
       Ring mail         |    30 |    21 |       |       |       |       |       ||    51
       Plate armour      |       |    24 |   302 |   415 |   422 |   797 |    71 ||  2031
       Chain mail        |       |       |       |    72 |       |       |       ||    72
       Scale mail        |       |       |       |       |    78 |       |       ||    78
Dodge: Dodged            |    89 |    70 |   142 |   373 |   485 |   521 |    49 ||  1729
Block: Kite shield       |       |       |       |       |    75 |   634 |       ||   709
       Tower shield      |       |       |       |       |       |   126 |   151 ||   277

Table legend: (Time is in decaauts)
 A = Elapsed time spent in this place.
 B = Non-inter-level travel time spent in this place.
 C = Inter-level travel time spent in this place.
 D = Time resting spent in this place.
 E = Time spent auto-exploring this place.
 F = Levels seen in this place.
 G = Mean time per level.
                   A        B        C        D        E       F      G
               +--------+--------+--------+--------+--------+-----+--------+
         Total |  47507 |  43800 |   3707 |  18185 |  17018 |  32 | 1484.6 |
       Dungeon |  17334 |  15381 |   1953 |   4684 |   7667 |  14 | 1238.1 |
          Lair |  10423 |   9580 |    843 |   4955 |   3005 |   6 | 1737.2 |
         Swamp |   7465 |   7150 |    315 |   3240 |   2649 |   4 | 1866.2 |
  Orcish Mines |   2648 |   2445 |    203 |    991 |   1002 |   2 | 1324.0 |
   Elven Halls |   7150 |   6757 |    393 |   3335 |   2198 |   3 | 2383.3 |
         Abyss |    385 |    385 |      0 |    129 |      0 |   1 |  385.0 |
      Ice Cave |   1753 |   1753 |      0 |    849 |    278 |   1 | 1753.0 |
       Volcano |    345 |    345 |      0 |      0 |    218 |   1 |  345.0 |
               +--------+--------+--------+--------+--------+-----+--------+

Top non-repeatable levels by time:
  Lair:6: 4205 daAuts
   Elf:2: 3233 daAuts
 Swamp:3: 2965 daAuts
   Elf:1: 2480 daAuts
   Orc:2: 1975 daAuts
     D:7: 1969 daAuts
 Swamp:4: 1818 daAuts
  Lair:4: 1809 daAuts
   IceCv: 1753 daAuts
    D:10: 1620 daAuts
     D:5: 1573 daAuts
     D:3: 1510 daAuts
     D:8: 1458 daAuts
   Elf:3: 1436 daAuts
     D:9: 1434 daAuts
